 Dungeon Crawl Stone Soup version 0.28.0-43-g3370ac3207 (webtiles) character file.

Game seed: 15703908246542681592

67 vvl the Insei (level 4, 0/29 HPs)
             Began as an Octopode Transmuter on Mar 11, 2022.
             Slain by a gnoll
             ... wielding a +1 flail of protection
              (2 damage)
             ... on level 2 of the Dungeon.
             The game lasted 00:03:07 (2297 turns).

vvl the Insei (Octopode Transmuter)                 Turns: 2297, Time: 00:03:08

Health: 0/29       AC:  1    Str: 11    XL:     4   Next: 18%
Magic:  7/7        EV: 13    Int: 15    God:
Gold:   62         SH:  0    Dex: 12    Spells: 3/7 levels left

rFire   . . .      SeeInvis .   a - +0 short sword
rCold   . . .      Faith    .   (no shield)
rNeg    + . .      Spirit   .   (helmet restricted)
rPois   .          Reflect  .   (no amulet)
rElec   .          Harm     .   e - ring of positive energy
rCorr   .          Rampage  .   (no ring)
Will    .....                   (no ring)
Stlth   ++........              (no ring)
HPRegen 0.09/turn               (no ring)
MPRegen 0.10/turn               (no ring)
                                (no ring)
                                (no ring)

@: no status effects
A: almost no armour, amphibious, 8 rings, camouflage 1, gelatinous body 1,
(nimble swimmer 1), tentacles
a: no special abilities


You were on level 2 of the Dungeon.
You visited 1 branch of the dungeon, and saw 2 of its levels.

You collected 62 gold pieces.

Inventory:

Hand Weapons
 a - a +0 short sword (weapon)
Jewellery
 e - a ring of positive energy (left tentacle)
 h - an amulet of regeneration
Scrolls
 b - a scroll of enchant weapon {unknown}
 d - 2 scrolls of identify {unknown}
 f - a scroll of teleportation {unknown}
 i - a scroll of holy word {unknown}
Potions
 c - 2 potions of curing {unknown}
 g - a potion of attraction {unknown}


   Skills:
 + Level 1.8 Fighting
 + Level 2.4 Dodging
 + Level 3.3 Unarmed Combat
 + Level 2.3 Spellcasting
 + Level 2.4 Transmutations
 + Level 1.5 Poison Magic


You had 3 spell levels left.
You knew the following spells:

 Your Spells              Type           Power      Damage    Failure   Level
a - Beastly Appendage     Tmut           18%        N/A       8%          1
b - Spider Form           Tmut/Pois      7%         N/A       28%         3

Your spell library contained the following spells:

 Spells                   Type           Power      Damage    Failure   Level
 Wereblood                Tmut           9%         N/A       12%         2
 Ice Form                 Ice/Tmut       5%         N/A       78%         4


Dungeon Overview and Level Annotations

Branches:
Dungeon (2/15)

Altars:


Innate Abilities, Weirdness & Mutations

You cannot wear most types of armour.
You are amphibious.
You can wear up to eight rings at the same time.
Your skin changes colour to match your surroundings (Stealth+).
Your rubbery body absorbs attacks. (AC +1, EV +1)
((You are camouflaged when in or above water. (Stealth+)))
You have tentacles for arms and can constrict up to eight enemies at once.


Message History

The gnoll is severely wounded.
Your tentacle spike disappears.
You constrict the gnoll, but do no damage.
The gnoll completely misses you.
You hit the gnoll but do no damage.
The gnoll is severely wounded.
You constrict the gnoll. The gnoll hits you with a +0 club.
You hit the gnoll.
You kill the gnoll!
No target in view!
No target in view!
No target in view!
You start resting.
Magic restored.
You start resting.
You start resting.
HP restored.
One of your tentacles grows a vicious spike.
Your transformation is almost over.
You climb downwards.
The gnoll misses you.
The gnoll hits you with a +1 flail of protection!
The gnoll hits you with a +0 spear!
There is a stone staircase leading up, spattered with blood here.
The gnoll barely misses you.
You hit the gnoll but do no damage. You grab the gnoll.
You constrict the gnoll, but do no damage.
The gnoll barely misses you.
The gnoll hits you from afar with a +0 spear!
* * * LOW HITPOINT WARNING * * *
You hit the gnoll but do no damage. You squeeze the gnoll.
The gnoll is lightly wounded.
Your tentacle spike disappears.
You constrict the gnoll, but do no damage.
The gnoll closely misses you. The gnoll barely misses you. x2
You release your grip on the gnoll.
The gnoll closely misses you. The gnoll misses you.
The gnoll closely misses you.
There is a stone staircase leading down here.
The gnoll hits you with a +1 flail of protection.
You die...

......)#.#.....'............#
.........'..<.##..........###
........##....##..........#
......#.##....##..........#
##....#.####################
......#.##........## #...#####
..#####.##.........# #.#.....#
..#####.##.........# #.#..##.#
......#)##......@..# #.#..##.##
...##...##....gg..)# #.#..#....
...##.####.........## #....#..#.
...##.# #..........# ##...#..#.
...##.# #......#.#.#####+#....#.
..>#### #..................#..#.
#### #......#<#.#.......#..#.
#.....................#.
#################.#.#......#.....


You could see 2 gnolls.

Vanquished Creatures
  2 gnolls
  An adder (D:2)
  3 dart slugs (D:1)
  3 ball pythons
  5 bats
  4 endoplasms
  A giant cockroach (D:1)
  A goblin (D:2)
  A hobgoblin (D:1)
  5 kobolds
  2 quokkas
  A frilled lizard (D:1)
  3 rats (D:1)
32 creatures vanquished.

Notes
Turn   | Place    | Note
-------+----------+-------------------------------------------
     0 | D:1      | vvl the Octopode Transmuter began the quest for the Orb.
     0 | D:1      | Reached XP level 1. HP: 13/13 MP: 3/3
     6 | D:1      | Noticed an iguana
     6 | D:1      | Noticed a polar bear
     7 | D:1      | Noticed a swamp worm
     7 | D:1      | Noticed a black mamba
   264 | D:1      | Reached XP level 2. HP: 15/18 MP: 3/5
   568 | D:1      | Found a faded altar of an unknown god.
  1075 | D:1      | Reached XP level 3. HP: 21/23 MP: 4/6
  1261 | D:1      | Learned a level 3 spell: Spider Form
  1281 | D:2      | Reached skill level 1 in Poison Magic
  2157 | D:2      | Reached XP level 4. HP: 22/29 MP: 5/7
  2288 | D:2      | HP: 1/29 [gnoll/+0 spear (9)]
  2297 | D:2      | Slain by a gnoll

Illustrated notes

Levels and vault maps discovered:
D:1:      onia_arrival_zoo_common, layout_loops_corners,
          shapermc_ecumenical_altar_starsandcircs
D:2:      layout_basic, st_stairs_13

Skill      XL: |  1  2  3 |
---------------+----------+-----
Poison Magic   | 1 |  1.5
Fighting       | |  1.8
Dodging        | |  2.4
Unarmed Combat | |  3.3
Spellcasting   | |  2.3
Transmutations | |  2.4

Action                   |  1- 3 |  4- 6 || total
-------------------------+-------+-------++-------
Melee: Unarmed           |    17 |       ||    17
       Constrict         |    17 |     2 ||    19
       Kick              |    21 |     1 ||    22
       Tentacles         |    12 |     3 ||    15
       Punch             |     2 |       ||     2
       Short sword       |    44 |     7 ||    51
 Cast: Beastly Appendage |    22 |     1 ||    23
 Stab: Sleeping          |     3 |       ||     3
Armor: Skin              |     4 |       ||     4
Dodge: Dodged            |    34 |    14 ||    48
